 Dungeon Crawl Stone Soup version 0.14-a0-519-g334afa2 (webtiles) character file.

1599 Malachi the Cleaver (level 8, 0/59 HPs)
             Began as a Vampire Berserker on Nov 1, 2013.
             Was an Elder of Trog.
             Slain by a worker ant (5 damage)
             ... on Level 6 of the Dungeon.
             The game lasted 00:11:49 (4653 turns).

Malachi the Cleaver (Vampire Berserker)             Turns: 4653, Time: 00:11:49

HP   0/59        AC 12     Str 18      XL: 8   Next: 41%
MP   8/8         EV  6     Int  9      God: Trog [****..]
Gold 202         SH  0     Dex 12 (13) Spells:  0 memorised,  7 levels left

Res.Fire  : . . .   See Invis. : +   e - -1,+1 orc hand axe
Res.Cold  : + . .   Warding    : .   v - +1 dwarf chain mail
Life Prot.: + + .   Conserve   : .   (no shield)
Res.Poison: .       Res.Corr.  : .   w - +0 helmet
Res.Elec. : .       Clarity    : .   c - +0 cloak
Sust.Abil.: . .     Spirit.Shd : .   (no gloves)
Res.Mut.  : .       Stasis     : .   (no boots)
Res.Rott. : .       Flight     : .   (no amulet)
Saprovore : . . .                    j - ring of positive energy
                                     t - ring of protection from cold

@: exhausted, slowed, very slow, somewhat resistant to hostile enchantments,
extremely unstealthy
A: bottle blood, fangs 3, see invisible, unbreathing
a: Bat Form, Bottle Blood, Burn Spellbooks, Berserk, Trog's Hand, Brothers in
Arms, Renounce Religion


You were on level 6 of the Dungeon.
You worshipped Trog.
Trog was greatly pleased with you.
You were not thirsty.

You visited 1 branch of the dungeon, and saw 6 of its levels.

You collected 202 gold pieces.

Inventory:

Hand weapons
 a - a +0,-1 hand axe
 e - a -1,+1 orcish hand axe (weapon)
 f - a -1,+0 orcish hand axe
Armour
 c - a +0 cloak (worn)
 v - a +1 dwarven chain mail (worn)
 w - a +0 helmet (worn)
Magical devices
 q - a wand of enslavement (1)
Scrolls
 b - a scroll of curse armour {unknown}
 d - a scroll of amnesia {unknown}
 g - a scroll of magic mapping
 h - a scroll of noise {unknown}
 i - 9 scrolls of identify
 l - 8 scrolls of teleportation {unknown}
 n - 3 scrolls of remove curse
 o - 2 scrolls of enchant weapon I {unknown}
 p - 2 scrolls of blinking {unknown}
 x - a scroll of fog
Jewellery
 j - a ring of positive energy (right hand)
 t - a ring of protection from cold (left hand)
Potions
 k - 3 potions of curing
 m - a potion of heal wounds {unknown}
 r - a potion of agility
 s - a potion of flight {unknown}
 u - a potion of poison {unknown}


   Skills:
 - Level 2.6 Fighting
 * Level 9.9 Axes
 - Level 1.5 Armour
 - Level 2.1 Dodging
 - Level 1.2 Stealth


You had 7 spell levels left.
You didn't know any spells.

Dungeon Overview and Level Annotations

Branches:
Dungeon (6/27)             Temple (0/1) D:5
    Orc: D:6-11

Altars:
Fedhas
Kikubaaqudgha
Nemelex Xobeh
Sif Muna
Xom
Yredelemnul
Zin
the Shining One

Shops:
D:5 }


Innate Abilities, Weirdness & Mutations

You can bottle blood from corpses.
You have razor-sharp teeth.*
You have supernaturally acute eyesight.
You can survive without breathing.*


Message History

Read which item? (? for menu, Esc to quit)
Okay, then.
Use which ability? (? or * to list)
You fail to use your ability.
The worker ant bites you but does no damage.
The orc hits you but does no damage.
The orc warrior hits you with an orcish scimitar!
* * * LOW HITPOINT WARNING * * *
The orc hits you but does no damage.
The worker ant bites you but does no damage.
The orc barely misses you.
The orc warrior hits you with an orcish scimitar.
* * * LOW HITPOINT WARNING * * *
The orc priest hits you but does no damage.
The orc barely misses you.
The orc warrior hits you with an orcish scimitar!
* * * LOW HITPOINT WARNING * * *
The worker ant bites you but does no damage.
The worker ant bites you.
You die...

##.................#
#....................
.............[.......
......................
........)............##
.........)............#
.........)............
..........<...........
.........<)@.........
.........aoo........
........oo.........
..................
..................
.................
................
.......$........
...............


You could see an orc warrior, a worker ant, an orc priest and 2 orcs.

Vanquished Creatures
  2 sky beasts (D:5)
  An ogre (D:5)
  A centaur (D:5)
  Sigmund (D:2)
  7 crimson imps
  An iguana (D:4)
  A jelly (D:5)
  4 orc priests
  A centaur skeleton (D:5)
  5 orc wizards (D:5)
  A quasit (D:5)
  3 scorpions
  A hound (D:4)
  3 worker ants
  Jessica (D:2)
  6 adders
  3 gnolls
  A giant eyeball (D:4)
  An ooze (D:1)
  13 orcs
  3 giant cockroaches
  13 goblins
  12 hobgoblins
  A quokka (D:4)
  2 ball pythons
  11 bats
  2 giant geckos
  2 giant newts
  3 goblin skeletons
  A hobgoblin skeleton (D:5)
  7 kobolds
  2 orc skeletons (D:5)
  12 rats
128 creatures vanquished.

Notes
Turn   | Place    | Note
--------------------------------------------------------------
     0 | D:1      | Malachi, the Vampire Berserker, began the quest for the Orb.
     0 | D:1      | Reached XP level 1. HP: 18/18 MP: 1/1
    63 | D:1      | Reached skill level 3 in Axes
   100 | D:1      | Reached XP level 2. HP: 22/24 MP: 2/2
   319 | D:1      | Acquired Trog's second power
   472 | D:1      | Reached XP level 3. HP: 24/29 MP: 3/3
   910 | D:2      | Noticed Sigmund
   918 | D:2      | Killed Sigmund
   918 | D:2      | Reached skill level 4 in Axes
   918 | D:2      | Reached XP level 4. HP: 32/36 MP: 4/4
  1007 | D:2      | Noticed Jessica
  1014 | D:2      | Killed Jessica
  1014 | D:2      | Reached skill level 5 in Axes
  1074 | D:2      | Found an ancient bone altar of Kikubaaqudgha.
  1596 | D:3      | Reached XP level 5. HP: 39/41 MP: 5/5
  1871 | D:4      | Reached skill level 6 in Axes
  2014 | D:4      | Reached skill level 1 in Stealth
  2014 | D:4      | Reached XP level 6. HP: 29/47 MP: 6/6
  2226 | D:4      | Paralysed by a giant eyeball for 2 turns
  2439 | D:5      | Entered Level 5 of the Dungeon
  2489 | D:5      | Reached skill level 7 in Axes
  2518 | D:5      | Found a shimmering altar of Xom.
  2587 | D:5      | Found a basalt altar of Yredelemnul.
  2588 | D:5      | Found a blossoming altar of Fedhas.
  2589 | D:5      | Found a deep blue altar of Sif Muna.
  2593 | D:5      | Reached XP level 7. HP: 47/53 MP: 7/7
  2657 | D:5      | Found Ditanka's Gadget Boutique.
  2706 | D:5      | Found a glowing golden altar of the Shining One.
  2828 | D:5      | Found a sparkling altar of Nemelex Xobeh.
  3020 | D:5      | Found a glowing silver altar of Zin.
  3028 | D:5      | Reached skill level 8 in Axes
  3460 | D:5      | Acquired Trog's third power
  3736 | D:5      | Found a staircase to the Ecumenical Temple.
  3758 | D:5      | Reached XP level 8. HP: 38/59 MP: 8/8
  3795 | D:5      | Reached skill level 9 in Axes
  4653 | D:6      | Slain by a worker ant

Action                   |  1- 3 |  4- 6 |  7- 9 || total
-------------------------+-------+-------+-------++-------
Melee: Hand axe          |    86 |   212 |   356 ||   654
Invok: Berserk           |     1 |     1 |     2 ||     4
       Trog's Hand       |       |       |     3 ||     3
Evoke: Wand              |       |       |     1 ||     1
  Use: Potion            |       |     5 |     5 ||    10
       Scroll            |       |       |     5 ||     5
 Stab: Sleeping          |       |     1 |       ||     1
       Invisible         |       |       |     3 ||     3
